 Dungeon Crawl Stone Soup version 0.18.1-48-g4cf74bf (webtiles) character file.

304141 Peloso the Minotaur Blade (level 20, -12/193 HPs)
             Began as a Minotaur Fighter on July 2, 2016.
             Was the Champion of Okawaru.
             Drowned by a drowned soul (15 damage)
             ... summoned by a merfolk avatar
             ... on level 4 of the Shoals.
             The game lasted 03:12:24 (50814 turns).

Peloso the Minotaur Blade (Minotaur Fighter)       Turns: 50814, Time: 03:12:24

Health: -12/193    AC: 38    Str: 27    XL:     20   Next: 59%
Magic:  21/21      EV: 10    Int:  5    God:    Okawaru [******]
Gold:   2573       SH: 17    Dex: 14    Spells: 0 memorised, 19 levels left

rFire  . . .     SeeInvis .     Y - +8 double sword (venom)
rCold  + . .     Gourm    .     O - +3 gold dragon armour
rNeg   . . .     Faith    +     I - +0 shield {reflect}
rPois  +         Spirit   .     V - +0 hat "Omeytez" {rElec rPois rF- MR+ Stlth+}
rElec  +         Dismiss  .     h - +1 cloak {MR+}
rCorr  .         Reflect  +     r - +1 pair of gloves
SustAt .         Harm     .     F - +0 pair of boots {run}
MR     +++..                    q - amulet of faith
Stlth  ..........               w - +3 ring of protection
                                C - +4 ring of slaying

@: quick, extremely resistant to hostile enchantments, extremely unstealthy
A: retaliatory headbutt, horns 2, rough black scales 1, agile 1
a: Heroism, Finesse, Renounce Religion
}: 1/15 runes: serpentine


You were on level 4 of the Shoals.
You worshipped Okawaru.
Okawaru was exalted by your worship.
You were not hungry.

You visited 7 branches of the dungeon, and saw 37 of its levels.

You collected 4864 gold pieces.
You spent 2291 gold pieces at shops.

Inventory:

Hand Weapons
 a - a +4 scimitar of flaming
 Y - a +8 double sword of venom (weapon)
Armour
 h - a +1 cloak of magic resistance (worn)
 r - a +1 pair of gloves (worn)
 F - a +0 pair of boots of running (worn)
 I - a +0 shield of reflection (worn)
 O - a +3 gold dragon armour (worn)
 V - the +0 hat "Omeytez" (worn) {rElec rPois rF- MR+ Stlth+}
   (You found it on level 13 of the Dungeon)

   It makes you vulnerable to fire.
   It insulates you from electricity.
   It protects you from poison.
   It affects your resistance to hostile enchantments.
   It makes you more stealthy.
Jewellery
 o - an uncursed ring of protection from magic
 q - an amulet of faith (around neck)
 s - the ring "Poheroawna" {rPois rN++ Stlth-}
   (You found it on level 5 of the Lair of Beasts)

   [ring of loudness]

   It protects you from poison.
   It greatly protects you from negative energy.
   It makes you less stealthy.
 w - a +3 ring of protection (right hand)
 x - an uncursed ring of see invisible
 C - a +4 ring of slaying (left hand)
 D - an uncursed ring of protection from cold
 E - an uncursed ring of protection from cold
 R - a +2 ring of dexterity
 T - an uncursed ring of protection from fire
 W - an uncursed ring of resist corrosion
Wands
 c - a wand of flame (27/48)
 i - a wand of iceblast (8/15)
 y - a wand of slowing (34/48)
 J - a wand of digging (10/24)
 L - a wand of digging (3/24)
 Q - a wand of iceblast (3/15)
Scrolls
 b - 4 scrolls of fog
 e - 5 scrolls of identify
 g - 6 scrolls of fear
 j - 3 scrolls of blinking
 k - 12 scrolls of remove curse
 n - 3 scrolls of teleportation
 A - a scroll of amnesia
 M - 5 scrolls of magic mapping
 N - 3 scrolls of summoning
 P - 2 scrolls of recharging
 U - a scroll of holy word
Potions
 d - 7 potions of might
 m - 7 potions of curing
 t - 4 potions of berserk rage
 u - 3 potions of heal wounds
 v - 5 potions of resistance
 H - 3 potions of agility
 K - 2 potions of flight
 Z - 2 potions of haste
Comestibles
 f - 14 bread rations
 l - 14 meat rations
 p - 13 royal jellies
 z - a beef jerky
 B - 3 fruits
 G - 2 chunks of flesh


   Skills:
 + Level 19.9 Fighting
 + Level 23.7 Long Blades
 + Level 17.2 Armour
 + Level 7.3 Dodging
 + Level 3.4 Stealth
 + Level 21.9 Shields
 + Level 2.9 Invocations
 + Level 0.5 Evocations


You had 19 spell levels left.
You didn't know any spells.

Dungeon Overview and Level Annotations

Branches:
Dungeon (15/15)            Temple (1/1) D:5            Lair (8/8) D:10
 Shoals (4/4) Lair:6        Snake (4/4) Lair:4        Slime (0/6) Lair:8
    Orc (2/2) D:11            Elf (3/3) Orc:2        Vaults (0/5) D:13
 Depths (0/5) D:15

Altars:
Cheibriados
Elyvilon
Fedhas
Gozag
Kikubaaqudgha
Makhleb
Nemelex Xobeh
Okawaru
Pakellas
Ru
Sif Muna
Trog
Vehumet
Xom
Zin
The Shining One
Beogh

Shops:
D:9 **[   Orc:2 %*(:   Elf:1 ?   Elf:2 [   Elf:3 (   Shoals:1 (

Portals:
Pandemonium: Orc:2
Trove: Elf:2 (give 13 potions of heal wounds)


Innate Abilities, Weirdness & Mutations

You reflexively headbutt those who attack you in melee.
You have a pair of horns on your head.
You are partially covered in rough black scales (AC +4, Dex -1).
You are agile. (Dex +2)


Message History

Drink which item? (? for menu, Esc to quit)
You feel better.
Drink which item? (? for menu, Esc to quit)
You feel better. You block the drowned soul's attack.
Your unstable footing causes you to fumble your attack.
The drowned soul touches you. The drowned soul drowns you!
* * * LOW HITPOINT WARNING * * *
Unknown command.
The drowned soul touches you. The drowned soul drowns you!
* * * LOW HITPOINT WARNING * * *
Unknown command.
Things that are here:
a trident of freezing; a robe; 20 gold pieces Unknown command.
You slash the drowned soul! You headbutt the drowned soul.
You destroy the drowned soul!
Unknown command.
Your unstable footing causes you to fumble your attack.
The drowned soul touches you. The drowned soul drowns you!
You die...

≈≈≈≈≈≈≈≈≈≈≈≈≈≈
≈≈..≈≈≈≈≈≈≈≈≈≈≈≈≈≈≈
≈≈≈..≈≈≈≈≈W≈≈≈≈≈≈≈
≈≈.$...≈≈≈≈≈W≈≈≈W≈
≈≈....≈≈≈≈≈≈≈≈≈≈≈
≈≈..≈≈≈≈≈≈≈≈≈≈≈#####
≈≈.<.≈≈≈≈≈≈≈≈≈##≈≈≈##
.......≈≈≈≈≈(≈#≈@≈≈(#
....[<..≈≈≈≈≈)))≈:≈≈#
.#####...≈≈≈≈.#))≈≈≈#
##..≈≈.".##≈≈(##
#........#####
'........≈...
#....%...m...≈
#............≈
#.....#≈.##....


There were no monsters in sight!

Vanquished Creatures
  Vashnia (Snake:3)
  Nikola (Snake:4)
  A deep elf master archer (Elf:3)
  Gastronok (Lair:2)
  Kirke (Snake:2)
  2 krakens
  Frances (Shoals:2)
  Ilsuiw (Shoals:4)
  Roxanne (Elf:3)
  Donald (Snake:4)
  9 deep elf sorcerers (Elf:3)
  8 greater nagas (Snake:4)
  Aizul (Snake:4)
  Maud (Lair:8)
  8 deep elf elementalists
  8 deep elf demonologists
  3 deep elf annihilators (Elf:3)
  4 merfolk javelineers
  An ettin (D:15)
  4 deep elf death magi (Elf:3)
  A fire dragon (Lair:8)
  13 vault guards
  5 merfolk impalers
  4 deep elf high priests (Elf:3)
  Erolcha (D:11)
  15 naga warriors
  4 catoblepae
  13 anacondas
  2 centaur warriors (D:14)
  2 merfolk avatars
  7 hydras
  2 ogre magi (D:15)
  3 satyrs
  4 merfolk aquamancers
  26 dancing weapons
  A tengu warrior (D:15)
  21 death yaks
  4 shock serpents
  21 naga sharpshooters
  24 deep elf knights
  5 orc high priests
  Urug (Lair:1)
  A soul eater (Orc:2)
  3 skeletal warriors (D:15)
  6 sea snakes
  3 salamander mystics
  A deep troll (D:15)
  2 unseen horrors
  3 torturous demonspawn (Orc:2)
  An orange crystal statue (D:9)
  8 hill giants
  10 naga ritualists
  10 deep elf archers
  10 harpies
  A putrid demonspawn (Orc:2)
  A harpy (shapeshifter) (D:15)
  4 orc knights (Orc:2)
  8 griffons
  5 oklob plants
  The ghost of Doomgape the Archer, a novice CeHu of Okawaru (D:6)
  13 salamanders
  10 orc sorcerers
  12 ugly things
  9 cyclopes
  21 mana vipers
  A manticore (shapeshifter) (Elf:1)
  16 fauns
  6 centaur zombies
  53 deep elf magi
  10 sirens
  13 manticores
  Maurice (D:12)
  42 black mambas
  4 water nymphs
  Psyche (D:9)
  4 guardian serpents
  An ice statue (D:9)
  4 elephants (Lair:8)
  32 naga magi
  A gargoyle (D:11)
  A rust devil (Orc:2)
  15 spiny frogs
  A smoke demon (Orc:2)
  8 komodo dragons
  2 kobold demonologists (D:15)
  3 rime drakes (Lair:8)
  An efreet (D:14)
  A hellwing (Orc:2)
  A tengu conjurer (D:15)
  5 polar bears
  A troll (D:14)
  40 merfolk
  A wind drake (Shoals:1)
  A boulder beetle (Lair:7)
  A polar bear (shapeshifter) (Elf:3)
  A slime creature (shapeshifter) (D:15)
  3 two-headed ogres
  Grinder (D:6)
  5 snapping turtles
  28 blink frogs
  A redback (shapeshifter) (Elf:1)
  A shadow (D:13)
  4 air elementals
  2 wyverns
  45 yaks
  23 water elementals
  A vampire (D:15)
  3 basilisks
  4 fire elementals
  A hungry ghost (D:15)
  A chaos spawn (Orc:2)
  11 hippogriffs
  A hippogriff (shapeshifter) (Elf:3)
  Eustachio (D:5)
  2 hogs (Snake:2)
  A steam dragon (D:9)
  3 wargs
  53 nagas
  A neqoxec (Orc:2)
  A mottled dragon (D:13)
  A soldier ant (D:12)
  16 water moccasins
  2 hell hounds (D:10)
  4 ice beasts
  11 porcupines
  3 sky beasts
  3 black bears
  A necrophage (D:10)
  27 orc warriors
  6 phantoms
  5 boggarts (D:15)
  8 ogres
  An eye of draining (D:11)
  5 wasps
  14 wolves
  10 centaurs
  14 crocodiles
  A big kobold (D:12)
  Blork the orc (D:6)
  5 earth elementals
  20 giant frogs
  A wyvern zombie (D:9)
  A wyvern skeleton (D:11)
  2 scorpions
  3 killer bees (D:11)
  2 troll zombies (D:11)
  An electric eel (Lair:1)
  5 howler monkeys
  A lava snake (D:14)
  5 crimson imps
  4 giant frog zombies
  12 jellies
  2 quasits (D:10)
  5 centaur skeletons
  A giant frog skeleton (D:7)
  8 hounds
  19 orc wizards
  28 orc priests
  An iguana (shapeshifter) (Elf:3)
  8 iguanas
  18 worker ants
  35 sheep
  6 ogre zombies (D:11)
  2 hound zombies
  A worker ant zombie (D:11)
  22 adders
  19 river rats
  5 shadow imps
  15 oozes (Lair:5)
  3 adder zombies
  2 adder skeletons
  4 worms
  A dart slug (D:3)
  5 giant geckos
  96 orcs
  9 bats
  6 giant cockroaches
  4 goblins
  6 hobgoblins
  5 jackals
  13 kobolds
  A quokka (D:7)
  3 ball pythons
  A giant cockroach zombie (D:6)
  2 giant gecko skeletons
  5 giant newts
  5 goblin zombies (D:11)
  A hobgoblin skeleton (D:11)
  2 hobgoblin zombies (D:11)
  2 orc skeletons (D:11)
  15 orc zombies (D:11)
  A quokka skeleton (D:9)
  7 rats
  9 fungi
  4 plants
  A tentacle (Shoals:3)
1452 creatures vanquished.

Vanquished Creatures (others)
  A deep elf master archer (Elf:3)
  A satyr (Shoals:3)
  A merfolk aquamancer (Shoals:1)
  2 naga ritualists (Snake:4)
  A deep elf mage (Elf:3)
  2 fauns (Shoals:3)
  An air elemental (D:10)
  2 humans (Snake:2)
  A centaur (D:8)
  A bush (Lair:8)
  15 fungi
  16 plants
  14 tentacles
  122 tentacle segments
180 creatures vanquished.

Grand Total: 1632 creatures vanquished

Notes
Turn   | Place    | Note
--------------------------------------------------------------
     0 | D:1      | Peloso the Minotaur Fighter began the quest for the Orb.
     0 | D:1      | Reached XP level 1. HP: 19/19 MP: 0/0
    85 | D:1      | Reached XP level 2. HP: 27/27 MP: 1/1
   853 | D:2      | Reached XP level 3. HP: 7/33 MP: 2/2
  1397 | D:3      | Reached skill level 1 in Dodging
  1397 | D:3      | Reached XP level 4. HP: 22/40 MP: 3/3
  1900 | D:3      | Reached skill level 3 in Long Blades
  1951 | D:3      | Reached XP level 5. HP: 46/46 MP: 4/4
  2049 | D:3      | Reached skill level 5 in Shields
  2482 | D:4      | Reached XP level 6. HP: 12/53 MP: 5/5
  2579 | D:4      | HP: 1/53 [orc priest/divine providence (14)]
  2898 | D:4      | Reached skill level 5 in Armour
  3130 | D:4      | Reached skill level 4 in Long Blades
  3336 | D:5      | Entered Level 5 of the Dungeon
  3358 | D:5      | Noticed Eustachio
  3374 | D:5      | Killed Eustachio
  3374 | D:5      | Reached XP level 7. HP: 60/60 MP: 6/6
  3447 | D:5      | Reached skill level 5 in Fighting
  3478 | D:5      | Found a staircase to the Ecumenical Temple.
  3497 | Temple   | Entered the Ecumenical Temple
  3521 | Temple   | Became a worshipper of Warmaster Okawaru
  3608 | D:5      | Reached skill level 5 in Long Blades
  3639 | D:5      | Reached * piety under Okawaru
  4018 | D:5      | Reached XP level 8. HP: 64/69 MP: 7/7
  4435 | D:6      | Noticed Doomgape's ghost (novice CeHu)
  4447 | D:6      | Killed Doomgape's ghost
  4447 | D:6      | Reached ** piety under Okawaru
  4447 | D:6      | Reached skill level 6 in Long Blades
  4658 | D:6      | Noticed Grinder
  4673 | D:6      | Noticed Blork the orc
  4676 | D:6      | Killed Grinder
  4680 | D:6      | Killed Blork the orc
  4772 | D:6      | Reached XP level 9. HP: 78/78 MP: 8/8
  4773 | D:6      | Reached skill level 7 in Long Blades
  4803 | D:6      | Reached *** piety under Okawaru
  5265 | D:7      | Found a deep blue altar of Sif Muna.
  5416 | D:7      | Found Qajon's Antique Weapon Emporium.
  5566 | D:7      | You fall through a shaft!
  5566 | D:8      | Found an opulent altar of Gozag.
  5728 | D:8      | Reached skill level 8 in Long Blades
  5783 | D:8      | Reached skill level 10 in Shields
  5788 | D:8      | Reached **** piety under Okawaru
  5933 | D:8      | Received a gift from Okawaru
  6020 | D:8      | Reached XP level 10. HP: 84/88 MP: 9/9
  6550 | D:9      | Found Cuotesh's Armour Emporium.
  6611 | D:9      | Found Baecleoq's Assorted Antiques.
  6615 | D:9      | Noticed Psyche
  6622 | D:9      | Killed Psyche
  6622 | D:9      | Reached ***** piety under Okawaru
  6836 | D:9      | Noticed an ice statue
  6874 | D:9      | Bought a runed long sword for 84 gold pieces
  6938 | D:9      | Reached skill level 9 in Long Blades
  6954 | D:9      | Found Tihyfaunt's Assorted Antiques.
  6961 | D:9      | Bought a yellow potion for 23 gold pieces
  6962 | D:9      | Gained mutation: You are partially covered in rough black scales (AC +4, Dex -1). [potion of beneficial mutation]
  7324 | D:9      | Noticed an orange crystal statue
  7333 | D:9      | Reached skill level 1 in Stealth
  7374 | D:9      | Killed an ice statue
  7461 | D:9      | Noticed a green ugly thing
  7648 | D:10     | Entered Level 10 of the Dungeon
  7783 | D:10     | Found a staircase to the Lair.
  7894 | D:10     | Received a gift from Okawaru
  8157 | D:10     | Reached skill level 10 in Long Blades
  8236 | D:10     | Found a large runed door.
  8236 | D:10     | Found a large runed door.
  8742 | D:10     | Reached XP level 11. HP: 69/97 MP: 8/10
  8963 | D:11     | Found a staircase to the Orcish Mines.
  9223 | D:11     | Reached skill level 5 in Dodging
  9373 | D:11     | Noticed Erolcha
  9384 | D:11     | Killed Erolcha
  9528 | D:11     | Reached skill level 11 in Long Blades
  9565 | D:11     | Received a gift from Okawaru
  9641 | D:11     | Got a smoking mace
  9651 | D:11     | Identified the +8 mace of the Nine Lies {crush, rPois Dex+3} (You found it on level 11 of the Dungeon)
  9667 | D:11     | Noticed a brown ugly thing
  9688 | D:11     | Killed a brown ugly thing
 10101 | D:11     | Reached skill level 10 in Fighting
 10101 | D:11     | Reached skill level 1 in Invocations
 10198 | D:12     | Noticed Maurice
 10216 | D:12     | Killed Maurice
 10345 | D:12     | Reached skill level 12 in Long Blades
 10794 | D:12     | Reached XP level 12. HP: 84/108 MP: 11/11
 10897 | D:12     | Noticed a five-headed hydra
 10950 | Lair:1   | Entered Level 1 of the Lair of Beasts
 11008 | Lair:1   | Noticed Urug
 11022 | Lair:1   | Killed Urug
 11064 | Lair:1   | Received a gift from Okawaru
 11146 | Lair:1   | Gained mutation: You are agile. (Dex +2) [potion of beneficial mutation]
 12071 | Lair:2   | Reached skill level 10 in Armour
 12084 | Lair:2   | Noticed Gastronok
 12116 | Lair:2   | Killed Gastronok
 12124 | Lair:2   | Reached skill level 13 in Long Blades
 12377 | Lair:2   | Received a gift from Okawaru
 12410 | Lair:2   | Identified a +0 pair of boots of running (Okawaru gifted it to you on level 2 of the Lair of Beasts)
 13303 | Lair:3   | Reached XP level 13. HP: 117/117 MP: 12/12
 13665 | D:13     | Noticed a vault guard
 13693 | D:13     | Got a jewelled hat
 13704 | D:13     | Identified the +0 hat "Omeytez" {rElec rPois rF- MR+ Stlth+} (You found it on level 13 of the Dungeon)
 13796 | D:13     | Found a gate to the Vaults.
 13814 | D:13     | Noticed a vault guard
 13825 | D:13     | Noticed a vault guard
 13844 | D:13     | Killed a vault guard
 13844 | D:13     | Reached skill level 15 in Shields
 13866 | D:13     | Killed a vault guard
 13938 | D:13     | Noticed a vault guard
 13964 | D:13     | Killed a vault guard
 13964 | D:13     | Received a gift from Okawaru
 13966 | D:13     | Killed a vault guard
 13966 | D:13     | Reached ****** piety under Okawaru
 13966 | D:13     | Reached skill level 14 in Long Blades
 14116 | D:13     | Noticed a vault guard
 14126 | D:13     | Killed a vault guard
 14177 | D:13     | Noticed a vault guard
 14186 | D:13     | Killed a vault guard
 14326 | D:13     | Noticed a vault guard
 14326 | D:13     | Noticed a vault guard
 14343 | D:13     | Killed a vault guard
 14350 | D:13     | Killed a vault guard
 14834 | D:14     | Received a gift from Okawaru
 14871 | D:14     | Found a white marble altar of Elyvilon.
 14953 | D:14     | Got a crude hand axe
 14954 | D:14     | Identified the +9 hand axe "Zatt" {freeze, Int+5} (You found it on level 14 of the Dungeon)
 15094 | D:14     | Received a gift from Okawaru
 16391 | D:14     | Received a gift from Okawaru
 16416 | D:14     | Reached skill level 15 in Long Blades
 16416 | D:14     | Reached XP level 14. HP: 105/129 MP: 14/14
 16439 | D:15     | Entered Level 15 of the Dungeon
 17049 | D:15     | Received a gift from Okawaru
 17326 | D:15     | Found a staircase to the Depths.
 18228 | Lair:3   | Reached skill level 16 in Long Blades
 19071 | Lair:4   | Found a staircase to the Snake Pit.
 19360 | Lair:5   | Got a warped copper ring
 19409 | Lair:5   | Received a gift from Okawaru
 19707 | Lair:5   | Reached XP level 15. HP: 128/139 MP: 15/15
 20306 | Lair:6   | Identified the ring "Poheroawna" {rPois rN++ Stlth-} (You found it on level 5 of the Lair of Beasts)
 20865 | Lair:6   | Found a staircase to the Shoals.
 21310 | Lair:7   | Reached skill level 17 in Long Blades
 21529 | Lair:7   | Received a gift from Okawaru
 21828 | Lair:8   | Entered Level 8 of the Lair of Beasts
 22110 | Lair:8   | Noticed Maud
 22120 | Lair:8   | Killed Maud
 22120 | Lair:8   | Reached skill level 15 in Fighting
 22150 | Lair:8   | Found a staircase to the Slime Pits.
 24115 | Orc:1    | Entered Level 1 of the Orcish Mines
 24219 | Orc:1    | Found a roughly hewn altar of Beogh.
 24441 | Orc:1    | Received a gift from Okawaru
 24513 | Orc:2    | Entered Level 2 of the Orcish Mines
 24513 | Orc:2    | Found a roughly hewn altar of Beogh.
 24642 | Orc:2    | Found Qoequzedd's General Store.
 24658 | Orc:2    | Found Ojyi's Food Boutique.
 24963 | Orc:2    | Reached skill level 18 in Long Blades
 25016 | Orc:2    | Reached XP level 16. HP: 88/149 MP: 16/16
 25059 | Orc:2    | Received a gift from Okawaru
 25493 | Orc:2    | Found Poyfow's Antique Weapon Emporium.
 25493 | Orc:2    | Found a one-way gate leading to the halls of Pandemonium.
 25493 | Orc:2    | Found Zoycs's Book Shoppe.
 25799 | Orc:2    | Found a staircase to the Elven Halls.
 26266 | Elf:1    | Entered Level 1 of the Elven Halls
 26287 | Elf:1    | Found a radiant altar of Vehumet.
 27055 | Elf:1    | Found Hecseteg's Magic Scroll Boutique.
 27074 | Elf:1    | Bought a scroll of identify for 26 gold pieces
 27074 | Elf:1    | Bought a scroll of identify for 26 gold pieces
 27133 | Elf:1    | Noticed a Tzitzimitl
 27418 | Elf:1    | Identified the Incunabulum of the Escort
 28416 | Elf:1    | Reached skill level 19 in Long Blades
 28592 | Elf:2    | Found Caechot's Antique Armour Boutique.
 28797 | Elf:2    | Received a gift from Okawaru
 28935 | Elf:2    | Bought a gold dragon armour for 2080 gold pieces
 29107 | Lair:1   | Identified a scroll of acquirement
 29534 | Elf:2    | Found a portal to a secret trove of treasure.
 29712 | Elf:2    | Found a runed gate.
 29712 | Elf:2    | Found a runed gate.
 29712 | Elf:2    | Found a runed gate.
 30235 | Elf:2    | Reached XP level 17. HP: 118/160 MP: 17/17
 30250 | Elf:2    | Received a gift from Okawaru
 30597 | Elf:2    | HP: 4/160 [deep elf mage/shard of ice (13)]
 31369 | Elf:2    | Got a faintly glowing brass amulet
 31370 | Elf:2    | Identified the amulet "Ikyhi" {Harm *Drain Str+3} (You found it on level 2 of the Elven Halls)
 31891 | Snake:1  | Entered Level 1 of the Snake Pit
 32155 | Snake:1  | Reached skill level 20 in Long Blades
 32529 | Snake:1  | Received a gift from Okawaru
 33367 | Snake:2  | Received a gift from Okawaru
 33475 | Snake:2  | Got a shimmering triple sword {god gift}
 33476 | Snake:2  | Identified the +10 triple sword "Giantslayer" {venom, Str+2 Stlth+} (Okawaru gifted it to you on level 2 of the Snake Pit)
 33994 | Snake:2  | Noticed Kirke
 34008 | Snake:2  | Killed Kirke
 34291 | Snake:2  | Received a gift from Okawaru
 34300 | Snake:2  | Got a steaming long sword {god gift}
 34529 | Snake:2  | Identified the +10 long sword of the Sky {holy, *Confuse +Inv rPois rC+++} (Okawaru gifted it to you on level 2 of the Snake Pit)
 34950 | Snake:3  | Noticed Vashnia
 35244 | Snake:3  | Killed Vashnia
 35244 | Snake:3  | Reached skill level 15 in Armour
 35722 | Snake:3  | Reached XP level 18. HP: 167/171 MP: 14/18
 35829 | Snake:3  | Reached skill level 21 in Long Blades
 36649 | Snake:4  | Entered Level 4 of the Snake Pit
 36656 | Snake:4  | Noticed Aizul
 36670 | Snake:4  | Killed Aizul
 37316 | Snake:4  | Received a gift from Okawaru
 37630 | Snake:4  | Noticed Donald
 37640 | Snake:4  | Killed Donald
 38806 | Snake:4  | Noticed Nikola
 39125 | Snake:4  | Killed Nikola
 39756 | Snake:4  | Received a gift from Okawaru
 39864 | Snake:4  | Reached skill level 22 in Long Blades
 40188 | Snake:4  | Reached XP level 19. HP: 162/181 MP: 19/19
 40282 | Snake:4  | Got a serpentine rune of Zot
 41668 | Elf:3    | Entered Level 3 of the Elven Halls
 41755 | Elf:3    | Found Hoas Ato's Weapon Boutique.
 41827 | Elf:3    | Noticed Roxanne
 41849 | Elf:3    | Killed Roxanne
 43828 | Elf:3    | Received a gift from Okawaru
 44064 | Elf:3    | Identified the Papyrus of Ghastly Toxins
 44463 | Elf:3    | Reached skill level 23 in Long Blades
 45436 | D:9      | Bought a scroll of identify for 52 gold pieces
 45928 | D:12     | You fall through a shaft for 2 floors!
 46530 | Shoals:1 | Entered Level 1 of the Shoals
 46805 | Shoals:1 | Found Coagyotaet's Weapon Shop.
 46933 | Shoals:1 | Reached XP level 20. HP: 106/191 MP: 21/21
 47655 | Shoals:2 | Received a gift from Okawaru
 48216 | Shoals:2 | Noticed Frances
 48230 | Shoals:2 | Killed Frances
 48984 | Shoals:3 | Received a gift from Okawaru
 49041 | Shoals:3 | Received a gift from Okawaru
 50626 | Shoals:4 | Entered Level 4 of the Shoals
 50637 | Shoals:4 | Noticed Ilsuiw
 50709 | Shoals:4 | Killed Ilsuiw
 50709 | Shoals:4 | Received a gift from Okawaru
 50794 | Shoals:4 | HP: 9/193 [drowned by a drowned soul[a merfolk avatar] (17)]
 50811 | Shoals:4 | HP: 2/193 [drowned by a drowned soul[a merfolk avatar] (17)]
 50814 | Shoals:4 | Drowned by a drowned soul

Skill      XL: |  1  2  3  4  5  6  7  8  9 10 11 12 13 14 15 16 17 18 19 20 |
---------------+-------------------------------------------------------------+-----
Armour         | 4 5 7 8 9 10 11 12 13 14 15 16 17 | 17.2
Shields        | 4 5 6 7 8 10 12 13 14 15 16 17 18 19 20 21 | 21.9
Fighting       | 4 5 6 8 9 10 11 13 14 15 16 17 18 19 | 19.9
Dodging        | 1 2 3 4 5 6 7 |  7.3
Long Blades    | 3 4 5 6 8 10 12 13 15 16 18 19 20 22 23 | 23.7
Stealth        | 1 2 3 |  3.4
Invocations    | 1 2 |  2.9
Evocations     | |  0.5

Action                   |  1- 3 |  4- 6 |  7- 9 | 10-12 | 13-15 | 16-18 | 19-21 || total
-------------------------+-------+-------+-------+-------+-------+-------+-------++-------
Melee: Long sword        |    94 |   133 |   132 |   623 |   142 |       |       ||  1124
       Headbutt          |    18 |    39 |    56 |   198 |   325 |   312 |   217 ||  1165
       Falchion          |       |    41 |   171 |       |       |       |       ||   212
       Scimitar          |       |       |       |   175 |    86 |       |       ||   261
       Double sword      |       |       |       |       |  1014 |   983 |   879 ||  2876
       Triple sword      |       |       |       |       |       |   268 |       ||   268
Invok: Heroism           |       |       |     1 |     8 |    11 |    10 |     9 ||    39
Evoke: Wand              |       |       |       |       |     2 |     2 |     3 ||     7
  Use: Scroll            |       |     6 |       |    16 |    17 |     9 |     5 ||    53
       Potion            |       |       |       |     2 |     1 |       |     5 ||     8
 Stab: Distracted        |       |       |       |     1 |       |       |       ||     1
       Petrified         |       |       |       |       |     3 |       |       ||     3
  Eat: Chunk             |     1 |     7 |     9 |    22 |    33 |    33 |    23 ||   128
       Beef jerky        |       |       |       |     1 |     1 |     3 |       ||     5
       Fruit             |       |       |       |     1 |     3 |     2 |    11 ||    17
       Pizza             |       |       |       |       |       |     5 |     1 ||     6
Armor: Scale mail        |    63 |    45 |       |       |       |       |       ||   108
       Plate armour      |       |    10 |   178 |   334 |   447 |    74 |       ||  1043
       Gold dragon armou |       |       |       |       |       |   522 |   500 ||  1022
Dodge: Dodged            |    27 |    71 |    79 |   208 |   312 |   327 |   276 ||  1300
Block: Shield            |    67 |    79 |   190 |   461 |   774 |   583 |   809 ||  2963
       Reflection        |       |       |       |       |       |    44 |   120 ||   164
